 Dungeon Crawl Stone Soup version 0.20.1-1-g8b1a95d (webtiles) character file.

837 straycat the Ducker (level 7, -6/52 HPs)
             Began as a Vampire Wanderer on July 5, 2017.
             Mangled by Prince Ribbit (13 damage)
             ... on level 5 of the Dungeon.
             The game lasted 00:26:15 (6217 turns).

straycat the Ducker (Vampire Wanderer)              Turns: 6217, Time: 00:26:16

Health: -6/52      AC:  8    Str: 11    XL:     7   Next: 66%
Magic:  7/7        EV: 16    Int: 11    God:
Gold:   140        SH:  0    Dex: 19    Spells: 6/6 levels left

rFire    . . .     SeeInvis +   a - +2 short sword
rCold    + + .     Gourm    .   (no shield)
rNeg     + + +     Faith    .   A - +3 leather armour
rPois    ∞         Spirit   .   (no helmet)
rElec    .         Reflect  .   (no cloak)
rCorr    .         Harm     .   (no gloves)
MR       +....                  u - +1 pair of boots
Stlth    +++++.....             f - amulet of rage
Regen    0.0/turn               C - ring of wizardry
MPRegen  0.1/turn               o - ring of protection from magic

@: bloodless, non-regenerating
A: fangs 3, see invisible, unbreathing
a: Bat Form, Evoke Berserk Rage


You were on level 5 of the Dungeon.
You were bloodless.

You visited 2 branches of the dungeon, and saw 6 of its levels.

You collected 140 gold pieces.

Inventory:

Hand Weapons
 a - a +2 short sword (weapon)
 k - a +0 shortbow
 p - a +0 long sword
 w - a +0 scythe
Missiles
 c - 59 arrows
 n - 31 sling bullets
 q - 120 stones (quivered)
 x - 16 poisoned needles
 B - 66 bolts
Armour
 i - a +3 leather armour
 r - a +0 buckler
 u - a +1 pair of boots (worn)
 A - a +3 leather armour (worn)
Jewellery
 f - an amulet of rage (around neck)
 l - an uncursed ring of protection from fire
 o - a ring of protection from magic (right hand)
 C - a ring of wizardry (left hand)
Wands
 y - a wand of random effects (28/48)
Scrolls
 b - 2 scrolls of teleportation
 d - 2 scrolls of remove curse
 j - a scroll of noise {unknown}
 D - a scroll of identify
Potions
 e - 18 potions of blood
 g - a potion of mutation {unknown}
 h - a potion of curing
 m - a potion of magic {unknown}
 t - 3 potions of might
 v - a potion of berserk rage
 z - a potion of ambrosia {unknown}


   Skills:
 - Level 3.6 Fighting
 + Level 4.7 Short Blades
   Level 1.0 Axes
 - Level 1.0 Armour
 * Level 6.7 Dodging
 + Level 6.7 Stealth
 - Level 1.0 Evocations


You had 6 spell levels left.
You didn't know any spells.

Dungeon Overview and Level Annotations

Branches:
Dungeon (5/15)             Temple (1/1) D:4

Altars:
Ashenzari
Cheibriados
Dithmenos
Elyvilon
Fedhas
Gozag
Kikubaaqudgha
Makhleb
Nemelex Xobeh
Qazlal
Ru
Sif Muna
Trog
Vehumet
Xom
Zin
The Shining One

Annotations:
D:5 Prince Ribbit


Innate Abilities, Weirdness & Mutations

You do not heal naturally.
You are immune to poison.
You have razor-sharp teeth.
You have supernaturally acute eyesight. (SInv)
You can survive without breathing.


Message History

Okay, then.
Prince Ribbit catches a mouse with his tongue.
You miss Prince Ribbit.
Prince Ribbit is moderately wounded.
Prince Ribbit hits you!
* * * LOW HITPOINT WARNING * * *
Prince Ribbit misses you.
You feel better. Prince Ribbit hits you!!
* * * LOW HITPOINT WARNING * * *
You feel much better. Prince Ribbit hits you!
* * * LOW HITPOINT WARNING * * *
Okay, then.
You cannot raise a blood rage in your lifeless body.
Okay, then.
You feel better. Prince Ribbit hits you!
* * * LOW HITPOINT WARNING * * *
Prince Ribbit hits you.
* * * LOW HITPOINT WARNING * * *
You feel better. Prince Ribbit hits you!
You die...

###########.##########.....#.####
#..# #..####.# ##.## #.......#
#..# #..###### #####.## #..#
######......# #..#
##...........##### #..#
#........_...F...# #..####
#.§§§.......#.@..###.....##
#..§........#......#..##..#
#...§..#.........+.#...#..#
#.§..§.######.....#8#.#8#.#
#...... ##'##..#...#..## (......
#.#.#...#...#.## .......
#..#8#.#8#.#8#.# .......
#...#...#...#..## ......#
#.#...#...#...#.#


You could see Prince Ribbit.

Vanquished Creatures
  Sigmund (D:2)
  An ice beast (D:5)
  The ghost of Zachthehappycat the Stinger, an amateur OpVM (D:3)
  A scorpion (D:5)
  A bullfrog zombie (D:3)
  A howler monkey (D:4)
  A hound (D:4)
  2 orc wizards (D:4)
  An iron imp (D:5)
  3 worker ants
  Terence (D:2)
  4 gnolls
  3 adders
  4 oozes
  An adder zombie (D:5)
  A worm (D:2)
  3 dart slugs
  3 leopard geckos
  7 orcs
  7 bats
  6 giant cockroaches
  12 goblins
  6 hobgoblins
  9 jackals
  9 kobolds
  3 ball pythons
  2 frilled lizards (D:1)
  6 rats
100 creatures vanquished.

Vanquished Creatures (others)
  2 jackals (D:5)
2 creatures vanquished.

Grand Total: 102 creatures vanquished

Notes
Turn   | Place    | Note
-------+----------+-------------------------------------------
     0 | D:1      | straycat the Vampire Wanderer began the quest for the Orb.
     0 | D:1      | straycat set off with: a +2 short sword, a scroll of teleportation, a potion of lignification, a +0 robe, a potion of blood
     0 | D:1      | Reached XP level 1. HP: 18/18 MP: 1/1
    70 | D:1      | Reached XP level 2. HP: 9/24 MP: 2/2
  1157 | D:1      | Reached XP level 3. HP: 27/29 MP: 3/3
  1647 | D:2      | Noticed Terence
  2146 | D:2      | Noticed Sigmund
  2190 | D:2      | Killed Sigmund
  2190 | D:2      | Reached XP level 4. HP: 10/36 MP: 4/4
  2190 | D:2      | Reached XP level 5. HP: 11/41 MP: 5/5
  3718 | D:2      | Killed Terence
  3718 | D:2      | Reached XP level 6. HP: 20/47 MP: 6/6
  3920 | D:3      | Reached skill level 5 in Dodging
  4026 | D:3      | Noticed Zachthehappycat's ghost (amateur OpVM)
  4306 | D:3      | Killed Zachthehappycat's ghost
  4306 | D:3      | Reached skill level 5 in Stealth
  4481 | D:3      | Found a glowing silver altar of Zin.
  5248 | D:4      | Reached XP level 7. HP: 47/52 MP: 7/7
  5330 | D:4      | Found a staircase to the Ecumenical Temple.
  5440 | Temple   | Entered the Ecumenical Temple
  5799 | D:5      | Entered Level 5 of the Dungeon
  5852 | D:5      | Found a blossoming altar of Fedhas.
  5869 | D:5      | Found a radiant altar of Vehumet.
  5972 | D:5      | Found a snail-covered altar of Cheibriados.
  6020 | D:5      | Noticed Prince Ribbit
  6214 | D:5      | HP: 1/52 [Prince Ribbit (18)]
  6217 | D:5      | Mangled by Prince Ribbit

Skill      XL: |  1  2  3  4  5  6  7 |
---------------+----------------------+-----
Dodging        | 2 4 5 6 |  6.7
Stealth        | 2 4 5 6 |  6.7
Short Blades   | 2 3 4 |  4.7
Fighting       | |  3.6
Axes           | |  1.0
Armour         | |  1.0
Evocations     | |  1.0

Action                   |  1- 3 |  4- 6 |  7- 9 || total
-------------------------+-------+-------+-------++-------
Melee: Short sword       |   120 |   206 |   114 ||   440
       Bite              |    16 |    23 |    11 ||    50
Throw: Stone             |       |     9 |       ||     9
  Use: Potion            |     3 |    10 |     5 ||    18
       Scroll            |       |     9 |       ||     9
 Stab: Sleeping          |     3 |     4 |     2 ||     9
Armor: Robe              |    10 |    18 |       ||    28
       Scale mail        |       |    31 |       ||    31
       Leather armour    |       |     8 |    22 ||    30
Dodge: Dodged            |    77 |   136 |    92 ||   305
